Map: Proxima Station LE

Players

MrHyde - Winner!

  • Race: Zerg Zerg
  • League: Diamond
  • Spawn Location: 7:00

Trizztein

  • Race: Terran Terran
  • League: Diamond
  • Spawn Location: 1:00

VOD

Have the link to the VOD?

Description

Time

  • Played on: June 17, 2017, 7:44 p.m.
  • Length: 15:34
Show
View Real Time Build Order
Export as new Build Order

MrHyde Zerg - Winner!

Build Orders: Hatch First 

Get SALT Encoding   

  12  0:12  Drone  
  12  0:13  Overlord  
  13  0:19  Drone  
  14  0:32  Drone  
  15  0:36  Drone  
  16  0:46  Drone  
  17  1:04  Hatchery  
  17  1:05  Drone  
  17  1:08  Extractor, Drone  
  17  1:16  Spawning Pool  
  16  1:19  Drone  
  17  1:28  Drone  
  18  1:41  Drone  
  19  1:54  Overlord  
  19  2:11  Metabolic Boost  
  19  2:12  Queen  
  21  2:16  Queen  
  21  2:18  Zergling x4  
  21  2:19  Drone  
  21  2:21  Drone  
  27  2:27  Drone  
  28  2:32  Drone  
  29  2:39  Overlord  
  29  2:51  Drone  
  30  3:02  Drone  
  30  3:03  Overlord, Drone  
  30  3:04  Queen, Drone  
  34  3:15  Drone  
  35  3:22  Drone  
  36  3:27  Drone x2  
  36  3:33  Drone  
  39  3:34  Pneumatized Carapace  
  39  3:48  Overlord  
  39  3:49  Drone x3  
  39  3:50  Drone x3  
  39  3:52  Hatchery  
  44  4:05  Drone x2  
  44  4:07  Queen  
  48  4:18  Drone x5  
  48  4:19  Drone x2  
  48  4:21  Drone  
  56  4:30  Zergling x4  
  58  4:34  Zergling x2  
  59  4:40  Overlord  
  59  4:42  Overlord  
  59  4:58  Spore Crawler  
  58  5:01  Zergling x2, Spore Crawler  
  58  5:02  Zergling x12  
  58  5:05  Spore Crawler, Drone  
  58  5:06  Queen  
  66  5:18  Zergling x12  
  72  5:27  Drone x2  
  72  5:28  Zergling x2  
  74  5:30  Zergling x4  
  74  5:34  Zergling x2  
  77  5:39  Zergling x6  
  80  5:45  Zergling x2  
  80  5:46  Zergling x2  
  81  5:56  Zergling x4  
  81  5:58  Lair  
  81  6:02  Extractor x2  
  79  6:04  Drone x2  
  79  6:05  Evolution Chamber x2, Drone  
  79  6:06  Drone  
  79  6:07  Overlord x4  
  79  6:11  Extractor  
  80  6:13  Baneling Nest  
  80  6:14  Extractor  
  80  6:15  Extractor  
  77  6:25  Queen x2  
  79  6:26  Hatchery  
  79  6:27  Drone x2  
  79  6:28  Drone x2  
  79  6:30  Drone x3  
  79  6:31  Zerg Melee Weapons Level 1, Zerg Ground Armor Level 1  
  85  6:33  Drone  
  85  6:37  Drone x2  
  85  6:38  Drone  
  85  6:39  Drone x2  
  91  6:55  Zergling x8  
  94  7:12  Spire  
  90  7:16  Zergling x14  
  95  7:28  Drone x3  
  98  7:35  Drone x2  
  100  7:38  Centrifical Hooks  
  100  7:40  Drone  
  95  7:52  Drone x4  
  99  8:07  Drone x4  
  99  8:10  Drone x7  
  110  8:17  Zergling x2  
  110  8:18  Queen x3  
  110  8:19  Queen  
  119  8:29  Overlord x7  
  119  8:30  Overlord  
  119  8:34  Zerg Melee Weapons Level 2, Zerg Ground Armor Level 2  
  119  8:35  Hatchery  
  119  8:36  Zergling x2  
  119  8:39  Overseer  
  119  8:40  Overseer x2  
  119  8:44  Baneling x9  
  119  8:45  Baneling  
  119  8:46  Baneling  
  119  8:52  Drone x2  
  119  8:53  Drone  
  119  8:54  Drone  
  123  8:55  Zergling x2  
  123  8:56  Zergling x10  
  123  9:02  Corruptor x2  
  131  9:08  Corruptor  
  135  9:10  Infestation Pit  
  134  9:19  Corruptor x4  
  142  9:28  Zergling x2  
  143  9:32  Zergling x16  
  143  9:33  Zergling x6  
  143  9:34  Corruptor  
  156  9:39  Zergling x2  
  156  9:40  Zergling x8  
  156  9:41  Zergling x2  
  156  9:42  Zergling x2  
  162  9:48  Zergling x2  
  162  9:52  Baneling  
  155  9:53  Baneling x19  
  155  9:54  Zergling x2, Baneling  
  156  10:02  Zergling x16  
  138  10:16  Zergling x2  
  138  10:17  Zergling x14  
  134  10:25  Zergling x2  
  134  10:26  Zergling x4  
  134  10:29  Zergling x2  
  134  10:33  Zergling x8  
  134  10:34  Overseer x2, Zergling x2  
  134  10:35  Overseer x2  
  140  10:36  Zergling x2, Hive  
  140  10:39  Zergling x2  
  140  10:41  Baneling  
  140  10:42  Baneling x14  
  141  10:43  Zergling x2  
  141  10:44  Zergling x2  
  143  10:55  Zergling x2  
  143  10:56  Zergling x6  
  147  10:58  Baneling  
  147  11:00  Baneling x4  
  147  11:01  Baneling x5  
  147  11:02  Zergling x2, Baneling  
  147  11:03  Zergling x10  
  153  11:08  Zergling x2  
  153  11:09  Zergling x6  
  138  11:30  Zergling x4  
  138  11:31  Zergling x28  
  154  11:36  Zergling x2  
  154  11:37  Zergling x8  
  154  11:39  Zergling x2  
  145  11:40  Zergling x4  
  141  11:49  Zergling x2  
  141  11:50  Zergling x14  
  141  11:52  Zergling x4  
  151  11:58  Zergling x10  
  142  12:12  Zergling x2  
  142  12:13  Zergling x20  
  151  12:16  Zergling x8  
  142  12:24  Zergling x10  
  142  12:26  Adrenal Glands  
  145  12:30  Zerg Ground Armor Level 3, Zerg Melee Weapons Level 3  
  145  12:31  Ultralisk Cavern  
  145  12:32  Zergling x12  
  145  12:33  Zergling x2  
  151  12:37  Zergling x2  
  151  12:38  Zergling x4  
  154  12:50  Zergling x2  
  154  12:51  Zergling x12  
  158  12:53  Baneling  
  158  12:55  Baneling x13  
  158  12:56  Baneling x7  
  158  12:57  Zergling x16  
  167  13:18  Hatchery  
  166  13:21  Overlord  
  166  13:22  Overlord x5  
  166  13:23  Overlord  
  166  13:25  Overseer x5  
  165  13:48  Ultralisk x2  
  174  14:07  Lair  
  171  14:16  Baneling x5  
  171  14:17  Baneling x13  
  171  14:18  Zergling x18  
  171  14:19  Zergling x36  
  171  14:22  Zergling x2  
Show
View Real Time Build Order
Export as new Build Order

Trizztein Terran 

Build Orders: Reaper Expand, MMM Bio 

Get SALT Encoding   

  12  0:01  SCV  
  13  0:13  SCV  
  14  0:18  Supply Depot  
  14  0:25  SCV  
  15  0:40  Barracks, SCV  
  16  0:45  Refinery  
  16  0:52  SCV  
  17  1:04  SCV  
  18  1:16  SCV  
  19  1:29  Orbital Command  
  19  1:30  Reaper  
  20  1:45  Command Center  
  20  1:55  SCV  
  20  2:00  Barracks  
  21  2:03  Barracks Reactor  
  21  2:07  SCV  
  22  2:12  Refinery  
  22  2:17  Supply Depot  
  23  2:22  SCV  
  23  2:32  Factory  
  23  2:39  SCV  
  23  2:44  Marine x2  
  26  2:49  Barracks Tech Lab  
  26  2:51  SCV  
  27  3:02  Orbital Command  
  27  3:05  SCV  
  28  3:06  Marine x2  
  28  3:08  Marine  
  31  3:15  Stimpack  
  31  3:18  SCV  
  32  3:30  SCV  
  32  3:32  Factory Reactor, Starport  
  32  3:33  Marine x2  
  35  3:36  SCV  
  36  3:45  SCV  
  36  3:46  Marine  
  38  3:49  Supply Depot, SCV  
  39  3:56  Marine x2  
  39  3:57  SCV  
  39  4:02  Supply Depot, SCV  
  43  4:04  Marine  
  43  4:09  SCV  
  45  4:14  SCV  
  45  4:16  Marine x2  
  48  4:19  Medivac x2  
  48  4:20  Widow Mine  
  48  4:23  Marine  
  55  4:26  SCV  
  56  4:31  Supply Depot  
  56  4:32  SCV  
  56  4:34  Marine x2  
  59  4:39  Supply Depot, SCV  
  59  4:45  SCV  
  61  4:51  SCV  
  62  4:53  Medivac  
  64  5:00  Factory Reactor  
  64  5:01  SCV  
  64  5:02  Refinery  
  64  5:04  Supply Depot, SCV  
  64  5:07  Engineering Bay x2  
  66  5:08  Marine x2  
  66  5:09  Marine  
  66  5:13  SCV  
  70  5:16  Combat Shields  
  70  5:17  SCV  
  71  5:25  SCV  
  72  5:29  SCV  
  73  5:37  SCV  
  73  5:41  SCV  
  75  5:48  Marine x2  
  75  5:49  SCV  
  78  5:53  Marine  
  78  5:56  SCV  
  78  6:04  Starport Reactor  
  78  6:05  Factory Reactor, Command Center  
  78  6:06  Marine x2  
  78  6:07  Barracks x2  
  78  6:08  Barracks, Supply Depot  
  78  6:09  SCV  
  78  6:10  Marine, Supply Depot  
  82  6:11  Terran Infantry Weapons Level 1, Terran Infantry Armor Level 1  
  82  6:24  Marine x2  
  84  6:28  Marine  
  84  6:29  SCV  
  84  6:30  SCV  
  87  6:37  Concussive Shells  
  87  6:41  Marine, Armory, SCV  
  87  6:42  Supply Depot  
  87  6:44  Supply Depot  
  87  6:45  SCV  
  90  6:48  Refinery  
  90  6:52  Marine x2  
  92  6:59  Marine  
  93  7:07  Marine x5  
  98  7:10  Marine x2  
  98  7:12  SCV x2  
  99  7:24  Marine x2, SCV  
  99  7:27  Marine x3  
  99  7:29  Barracks Tech Lab, Orbital Command  
  105  7:30  SCV  
  105  7:32  Marine x2  
  105  7:33  Widow Mine x2, Supply Depot  
  105  7:35  Medivac  
  105  7:36  Supply Depot  
  114  7:42  Marine x2  
  116  7:48  SCV  
  116  7:49  Marine x2  
  119  7:55  Orbital Command  
  119  7:57  Supply Depot, SCV  
  120  7:59  Supply Depot  
  120  8:08  Marine x4, Widow Mine x2  
  120  8:09  Medivac x2  
  120  8:11  Terran Infantry Weapons Level 2  
  132  8:15  Terran Infantry Armor Level 2  
  132  8:18  SCV x2  
  135  8:31  Marine x8  
  142  8:42  SCV x2  
  142  8:47  Missile Turret  
  144  8:49  Marine x2  
  144  8:50  Missile Turret  
  144  8:51  Missile Turret  
  144  8:52  Missile Turret x2  
  146  8:55  Marine  
  146  8:56  Marine x2  
  146  9:02  Barracks x2  
  149  9:03  Barracks  
  149  9:08  Marine x3  
  149  9:09  Marine  
  153  9:18  Refinery  
  153  9:19  Refinery  
  153  9:20  Marine  
  153  9:21  Marine x3  
  153  9:22  Medivac x2  
  153  9:23  Widow Mine  
  163  9:26  Marine, Command Center  
  164  9:49  Marine x3  
  164  9:50  Marine  
  164  9:52  Marine x3  
  157  9:56  Marine x4  
  164  10:07  Marine  
  164  10:10  Marine x2  
  164  10:11  Marine x4  
  164  10:14  Marine x2, Marauder x2  
  138  10:19  Widow Mine x2  
  138  10:20  Medivac x2  
  128  10:25  Marine  
  128  10:28  Marine x2  
  125  10:29  Marine x4  
  125  10:31  Marine  
  125  10:32  Marine  
  125  10:33  Terran Infantry Armor Level 3, Terran Infantry Weapons Level 3  
  125  10:35  Marine x2  
  132  10:44  Marine  
  132  10:46  Marine x2  
  132  10:48  Widow Mine  
  132  10:49  Hellion  
  139  10:50  Medivac x2  
  139  10:55  Planetary Fortress  
  139  10:56  SCV  
  144  11:02  Marine x6  
  150  11:04  Sensor Tower  
  150  11:09  Widow Mine  
  152  11:18  Sensor Tower  
  152  11:21  Refinery x2  
  122  11:36  Marine x4  
  107  11:43  Marine x3  
  107  11:47  Marine x2, Widow Mine x2  
  94  11:48  Marine x2  
  94  11:54  Marine x4  
  103  12:03  Marine x3  
  103  12:05  Marine x2  
  103  12:06  Marauder  
  105  12:15  Widow Mine x2  
  93  12:24  Marine x10  
  93  12:25  SCV  
  103  12:32  Command Center  
  103  12:36  Marine  
  104  12:39  Medivac x2  
  104  12:41  Marine  
  104  12:42  Marine x4  
  104  12:43  Marine x3  
  104  12:44  Widow Mine x2  
  118  13:01  Marine x4  
  122  13:11  Sensor Tower  
  122  13:12  Widow Mine x2  
  122  13:15  SCV  
  127  13:20  Starport, Supply Depot  
  127  13:21  Starport  
  127  13:22  Marine x3  
  128  13:43  Marine  
  128  13:44  Marine x7  
  125  14:09  Planetary Fortress  
  114  14:11  SCV  
  114  14:14  Marine x2  
  114  14:15  Marine x2  
  119  14:18  Marine x3  
  119  14:19  Marine, Widow Mine x2  
  119  14:20  Marine x2  
  129  14:29  Refinery  
  129  14:32  Refinery  
  129  14:33  Missile Turret  
  129  14:34  Liberator  
  129  14:35  Missile Turret  
  129  14:36  Missile Turret  
  129  14:37  Marine x3  
  132  14:43  Marauder x2  
  132  14:44  Barracks Tech Lab  
  136  14:47  Unknown x3  
  136  14:48  Unknown x4, Widow Mine  
  136  14:49  Unknown x6  
  136  14:50  Unknown  
  143  14:53  SCV  
  143  14:56  Unknown x3  
  143  14:57  Unknown x2  
  143  14:58  Unknown  
  144  15:05  Marauder  
  146  15:10  Marine x10  
Tags
 
Add a new tag
Caveats
  • Supply blocks, unpowered buildings, or Contaminate may cause inaccurate times.
  • Supply counts are checked every 10 seconds.